 Dungeon Crawl Stone Soup version 0.19.5 (webtiles) character file.

75 Lizzreth the Chopper (level 4, -2/23 HPs)
             Began as a Vine Stalker Fighter on Mar 20, 2017.
             Was an Initiate of Makhleb.
             Slain by a gnoll (5 damage)
             ... on level 3 of the Dungeon.
             The game lasted 00:07:19 (1615 turns).

Lizzreth the Chopper (Vine Stalker Fighter)         Turns: 1615, Time: 00:07:22

Health: -2/23      AC:  8    Str: 19    XL:     4   Next: 31%
Magic:  0/5        EV:  7    Int:  8    God:    Makhleb [......]
Gold:   142        SH:  9    Dex: 14    Spells: 0 memorised, 3 levels left

rFire  . . .     SeeInvis .     a - +0 war axe
rCold  . . .     Gourm    .     b - +0 scale mail
rNeg   . . .     Faith    .     c - +0 shield
rPois  .         Spirit   +     n - +0 helmet
rElec  .         Reflect  .     (no cloak)
rCorr  .         Harm     .     (no gloves)
MR     .....                    j - +0 pair of boots
Stlth  ..........               (no amulet)
                                (no ring)
                                (no ring)

@: no status effects
A: fangs 2, regeneration 1, magic shield, antimagic bite, no device heal 3, rot
immunity
a: Renounce Religion


You were on level 3 of the Dungeon.
You worshipped Makhleb.
Makhleb was noncommittal.
You were not hungry.

You visited 1 branch of the dungeon, and saw 3 of its levels.

You collected 142 gold pieces.

Inventory:

Hand Weapons
 a - a +0 war axe (weapon)
Armour
 b - a +0 scale mail (worn)
 c - a +0 shield (worn)
 j - a +0 pair of boots (worn)
 n - a +0 helmet (worn)
Wands
 o - a wand of random effects (36/48)
Scrolls
 e - a scroll of fog {unknown}
 h - 2 scrolls of recharging {unknown}
 k - a scroll of remove curse {unknown}
 l - 4 scrolls of identify {unknown}
 p - a scroll of amnesia {unknown}
 q - a scroll of enchant armour {unknown}
 t - a scroll of teleportation {unknown}
Potions
 d - a potion of might
 s - a potion of agility {unknown}
Comestibles
 f - 2 bread rations
 g - 2 meat rations
 i - 6 fruits
 m - a royal jelly
 r - a beef jerky


   Skills:
 - Level 2.6 Fighting
 + Level 4.0 Axes
 - Level 2.4 Armour
 - Level 2.6 Shields


You had 3 spell levels left.
You didn't know any spells.

Dungeon Overview and Level Annotations

Branches:
Dungeon (3/15)

Altars:
Makhleb
Yredelemnul


Innate Abilities, Weirdness & Mutations

You have extremely sharp teeth.
Your natural rate of healing is unusually fast.
When hurt, damage is shared between your health and your magic reserves.
Your bite disrupts and absorbs the magic of your enemies.
Potions and wands cannot restore your health.
You are immune to rotting.


Message History

The gnoll is heavily wounded.
You block the gnoll's attack. The gnoll hits you but does no damage.
A kobold comes into view. It is wielding a dagger.
The kobold shouts!
You slash the gnoll!
You kill the gnoll!
Makhleb accepts your kill.
Your Axes skill increases to level 4!
You completely miss the gnoll. You closely miss the gnoll.
You block the gnoll's attack. The gnoll hits you but does no damage.
You closely miss the gnoll. Your bite misses the gnoll. You hit the gnoll.
You barely miss the gnoll. The gnoll hits you. You block the gnoll's attack.
The gnoll hits you. x3
You hit the gnoll. You bite the gnoll, but do no damage.
The gnoll is heavily wounded.
Your shield and scale mail prevent you from hitting the gnoll.
You closely miss the gnoll. The gnoll hits you.
* * * LOW HITPOINT WARNING * * *
The gnoll hits you.
You die...

.>.................##
.....................
................."...
....#................ .
................... ..
.........###....#####...
.........#..............
.........#.......g......
.........#......@gK.....
........##.......g......
....######..............
.........#..............
.........#..............
.........#..............
.......................#
....<......######......#
..................


You could see 3 gnolls and a kobold.

Vanquished Creatures
  A gnoll (D:3)
  2 adders (D:2)
  2 dart slugs (D:2)
  A leopard gecko (D:3)
  3 giant cockroaches
  A goblin (D:1)
  7 hobgoblins
  3 jackals (D:2)
  A quokka (D:2)
  5 bats
  5 frilled lizards
  3 kobolds
  10 rats
44 creatures vanquished.

Notes
Turn   | Place    | Note
-------+----------+-------------------------------------------
     0 | D:1      | Lizzreth the Vine Stalker Fighter began the quest for the Orb.
     0 | D:1      | Reached XP level 1. HP: 11/11 MP: 2/2
    12 | D:1      | Reached skill level 2 in Axes
   169 | D:1      | Reached XP level 2. HP: 10/16 MP: 3/3
   636 | D:2      | Reached skill level 3 in Axes
   675 | D:2      | Reached XP level 3. HP: 19/19 MP: 4/4
   682 | D:2      | Found a basalt altar of Yredelemnul.
   912 | D:2      | Found a burning altar of Makhleb.
   925 | D:2      | Became a worshipper of Makhleb the Destroyer
  1439 | D:2      | Gained mutation: Your natural rate of healing is unusually fast. [Vine Stalker growth]
  1439 | D:2      | Reached XP level 4. HP: 23/23 MP: 5/5
  1613 | D:3      | Reached skill level 4 in Axes
  1615 | D:3      | Slain by a gnoll

Skill      XL: |  1  2  3  4 |
---------------+-------------+-----
Axes           | 2 3 4 |  4.0
Fighting       | |  2.6
Armour         | |  2.4
Shields        | |  2.6

Action                   |  1- 3 |  4- 6 || total
-------------------------+-------+-------++-------
Melee: War axe           |   106 |    11 ||   117
       Bite              |    22 |     2 ||    24
  Eat: Bread ration      |     1 |       ||     1
Armor: Scale mail        |    47 |     4 ||    51
Dodge: Dodged            |    27 |       ||    27
Block: Shield            |    52 |     7 ||    59
